 Dungeon Crawl Stone Soup version 0.22-a0-355-g201945f (webtiles) character file.

72186 4thArraOfDagon the Reanimator (level 15, -18/118 HPs)
             Began as a Demonspawn Wanderer on Apr 16, 2018.
             Was an Initiate of Gozag.
             Killed from afar by a deep elf mage (31 damage)
             ... with a bolt of negative energy
             ... on level 2 of the Orcish Mines on Apr 17, 2018.
             The game lasted 01:18:34 (15979 turns).

4thArraOfDagon the Reanimator (DsWn)               Turns: 15979, Time: 01:18:34

Health: -18/118    AC: 14    Str:  5    XL:     15   Next: 0%
Magic:  37/38      EV: 18    Int: 20    God:    Gozag
Gold:   2007       SH:  0    Dex: 19    Spells: 7/34 levels left

rFire    x . .     SeeInvis +   B - +5 Maxwell's thermic engine {flame, freeze, rF- rC-}
rCold    x . .     Gourm    .   (no shield)
rNeg     . . .     Faith    .   x - +2 leather armour of Asofraaf {rElec Str-5 Dex+4 Slay+4}
rPois    .         Spirit   .   Q - +0 helmet of Amanuxze {SInv}
rElec    +         Reflect  .   S - +0 cloak
rCorr    .         Harm     .   l - +1 pair of gloves
MR       +....                  P - +2 pair of boots {Stlth+}
Stlth    ++........             (no amulet)
HPRegen  1.29/turn              q - ring of loudness (curse)
MPRegen  0.26/turn              h - ring of magical power

@: regenerating, drained
A: claws 2, slimy green scales 1, powered by death 1, rot immunity
a: Potion Petition, Call Merchant, Bribe Branch, Renounce Religion


You were on level 2 of the Orcish Mines.
You worshipped Gozag.
Gozag was most pleased with you.
You were not hungry.

You visited 5 branches of the dungeon, and saw 25 of its levels.
You also visited: Bailey.

You collected 8041 gold pieces.
You spent 3565 gold pieces at shops.
You paid 2469 gold pieces to Gozag.

Inventory:

Hand Weapons
 j - a +0 blowgun
 B - the +5 Maxwell's thermic engine (weapon) {flame, freeze, rF- rC-}
   (You bought it in a shop on level 2 of the Orcish Mines)

   It has been specially enchanted to burn those struck by it, causing extra
   injury to most foes and up to half again as much damage against particularly
   susceptible opponents.
   Big, fiery blades are also staple armaments of hydra-hunters.
   It makes you vulnerable to fire.
   It makes you vulnerable to cold.
Missiles
 v - 3 curare-tipped needles
Armour
 a - a +2 helmet
 l - a +1 pair of gloves (worn)
 o - the +1 ring mail of Bitterness {*Drain rC+++ rN+ Str+2}
   (You took it off an orc on level 11 of the Dungeon)

   It affects your strength (+2).
   It renders you almost immune to cold.
   It protects you from negative energy.
   It causes draining when unequipped.
 x - the +2 leather armour of Asofraaf (worn) {rElec Str-5 Dex+4 Slay+4}
   (You found it on level 8 of the Dungeon)

   It affects your strength (-5).
   It affects your dexterity (+4).
   It affects your accuracy and damage with ranged weapons and melee attacks
   (+4).
   It insulates you from electricity.
 I - a +1 troll leather armour
 M - a +0 pair of boots
 P - a +2 pair of boots of stealth (worn)
 Q - the +0 helmet of Amanuxze (worn) {SInv}
   (You bought it in a shop on level 2 of the Orcish Mines)

   It lets you see invisible.
 S - a +0 cloak (worn)
Magical Staves
 s - an uncursed staff of poison
 L - an uncursed staff of death
Jewellery
 c - an uncursed ring of see invisible
 h - a ring of magical power (right hand)
 n - an uncursed ring of fire
 q - a cursed ring of loudness (left hand)
 z - an uncursed ring of poison resistance
 U - an uncursed ring of fire
 X - an uncursed ring of flight
 Y - an uncursed ring of ice
Wands
 r - a wand of flame (62)
 T - a wand of enslavement (18)
 W - a wand of iceblast (9)
Scrolls
 e - 3 scrolls of enchant armour
 f - 5 scrolls of amnesia {unknown}
 g - 4 scrolls of enchant weapon
 i - 11 scrolls of remove curse
 y - 2 scrolls of blinking
 A - 8 scrolls of noise {unknown}
 C - 5 scrolls of teleportation
 D - 3 scrolls of identify
 F - 3 scrolls of fear {unknown}
 G - 3 scrolls of immolation {unknown}
 H - 3 scrolls of magic mapping
 N - 4 scrolls of random uselessness {unknown}
Potions
 b - a potion of heal wounds
 k - 2 potions of flight
 m - a potion of ambrosia
 p - 6 potions of might
 t - 3 potions of magic
 u - a potion of cancellation
 w - a potion of haste
 E - 7 potions of brilliance
 J - a potion of curing
 O - 3 potions of lignification
 R - 3 potions of agility
 V - 2 potions of resistance
Miscellaneous
 K - a lightning rod (4/4)
Comestibles
 d - 25 rations


   Skills:
 - Level 11.0(10.3) Fighting
   Level 1.0(5.4) Short Blades
 * Level 9.6(8.9) Long Blades
 - Level 10.1(9.4) Dodging
 - Level 1.0(0.4) Stealth
   Level 1.0(0.4) Shields
 - Level 10.0(9.2) Spellcasting
 - Level 9.0(8.2) Conjurations
 - Level 12.1(11.3) Necromancy
 - Level 0.1(0.0) Transmutations
 - Level 8.2(7.5) Fire Magic
   Level 1.7(1.1) Air Magic


You had 7 spell levels left.
You knew the following spells:

 Your Spells              Type           Power        Failure   Level  Hunger
a - Pain                  Necr           ####         1%          1    None
b - Vampiric Draining     Necr           ######....   1%          3    None
c - Regeneration          Chrm/Necr      ####......   3%          3    None
d - Conjure Flame         Conj/Fire      #####...     1%          3    None
e - Sticky Flame          Conj/Fire      #####...     4%          4    ###....
f - Fireball              Conj/Fire      #####.....   13%         5    #####..
g - Necromutation         Tmut/Necr      ####......   100%        8    #######


Dungeon Overview and Level Annotations

Branches:
Dungeon (15/15)            Temple (1/1) D:4            Lair (6/6) D:10
 Shoals (0/4) Lair:2       Spider (0/4) Lair:3        Slime (0/5) Lair:6
    Orc (2/2) D:10            Elf (1/3) Orc:2        Vaults (0/5) D:14
 Depths: D:15

Altars:
Ashenzari
Dithmenos
Gozag
Hepliaklqana
Nemelex Xobeh
Okawaru
Qazlal
Sif Muna
Uskayaw
Vehumet
Wu Jian
Xom
Yredelemnul
Zin
Beogh
Jiyva

Shops:
D:10 =   D:11 =   Orc:1 *   Orc:2 [*!((:(

Annotations:
D:13 tilp's ghost, journeyman MfIE
D:14 Josephine
Lair:1 nikopol's ghost, journeyman DEFE


Innate Abilities, Weirdness & Mutations

You have very sharp fingernails.
You are partially covered in slimy green scales. (AC +2)
You regenerate a little health from kills.
You are immune to rotting.


Message History

The deep elf mage is moderately wounded.
The halberd of protection hits you!!
* * * LOW HITPOINT WARNING * * *
Unknown command.
You barely miss the halberd of protection.
The halberd of protection is moderately damaged.
The deep elf mage completely misses you.
You riposte.
You closely miss the deep elf mage.
The deep elf mage is moderately wounded.
The halberd of protection hits you!
* * * LOW HITPOINT WARNING * * *
Unknown command.
Unknown command.
You barely miss the halberd of protection.
The halberd of protection is moderately damaged.
The halberd of protection hits you but does no damage.
The deep elf mage casts a spell at you. The bolt of negative energy hits you!
You feel drained.
You die...
Your body crumbles into a pile of gold.

......#####....## ##[.#.### #####
......###.......###....##.###.#.#
...#.###.....#[##......[...#.....
.#....#......[)##......[[..#...#.
###.......###...#[........##..##.
# #.......###...[[..###...#..####
#####......###....)..###......# #
.##........##....e...........####
###.........#.[(@..............#.
..............[####............#.
......#.......[.##.......##.#....
......##.......####...#.#####...)
.....#####...#.# #...### ####.
#.#### #......# ##... #... #.#
##.##.## ##.## ##.# ### ######
... ## #.#


You could see a deep elf mage and a halberd of protection.

Vanquished Creatures
  Saint Roka (Orc:2)
  Nessos (D:13)
  Fannar (Orc:1)
  5 centaur warriors
  Harold (Lair:1)
  7 hydras
  A vault guard (D:14)
  Erolcha (Orc:2)
  2 catoblepae
  5 two-headed ogres
  2 orc high priests (Orc:2)
  Sonja (D:13)
  2 unseen horrors
  6 orc knights
  A wizard (D:14)
  2 necromancers (D:14)
  4 orc sorcerers
  2 ugly things
  A cyclops (D:11)
  A centaur zombie (D:14)
  A manticore (D:12)
  A cyclops (shapeshifter) (D:14)
  A black mamba (Lair:5)
  8 elephants
  Joseph (Lair:1)
  2 gargoyles
  4 centaur skeletons
  3 spiny frogs
  8 komodo dragons
  A yaktaur (D:14)
  An efreet (D:13)
  A kobold demonologist (D:14)
  A jumping spider (Lair:3)
  2 trolls
  3 polar bears (Lair:6)
  4 hornets (Lair:6)
  11 blink frogs
  5 hippogriffs
  A blink frog (shapeshifter) (D:13)
  4 dream sheep (Lair:6)
  A shadow (D:14)
  38 yaks
  2 wraiths
  A vampire (D:14)
  Sigmund (D:2)
  12 spriggans
  20 humans (D:14)
  3 basilisks
  3 wyverns
  4 vampire mosquitoes (D:13)
  2 wargs (Orc:2)
  Duvessa (D:4)
  2 acid dragons
  6 water moccasins
  7 porcupines
  2 ice beasts
  30 orc warriors
  A swamp drake (Lair:3)
  6 sky beasts
  A black bear (shapeshifter) (D:14)
  4 black bears
  A necrophage (D:12)
  2 phantoms
  10 ogres
  6 boggarts
  13 centaurs
  19 wolves
  8 crocodiles
  2 big kobolds
  11 bullfrogs
  A gnoll sergeant (D:13)
  A water moccasin zombie (D:5)
  Dowan (D:4)
  5 scorpions
  8 killer bees (D:11)
  5 wights (D:8)
  An electric eel (Lair:1)
  A lava snake (D:10)
  A howler monkey (D:7)
  5 crimson imps
  2 bullfrog zombies
  9 hounds
  2 jellies
  23 orc priests
  24 orc wizards
  4 bullfrog skeletons
  Ijyb (D:3)
  2 iguanas
  Natasha (thrice) (D:2)
  9 worker ants
  A hound zombie (D:8)
  A hound skeleton (D:5)
  A worker ant zombie (D:5)
  11 gnolls
  8 adders
  3 shadow imps
  An adder skeleton (D:6)
  3 worms (D:2)
  2 dart slugs (D:3)
  4 leopard geckos
  80 orcs
  2 ball pythons
  6 giant cockroaches
  11 goblins
  8 hobgoblins
  13 jackals
  32 kobolds
  5 quokkas
  3 bats
  3 frilled lizards
  7 rats
  2 fungi
  2 plants (Lair:3)
646 creatures vanquished.

Vanquished Creatures (others)
  2 orcs (Orc:2)
  3 fungi
  4 plants
9 creatures vanquished.

Grand Total: 655 creatures vanquished

Notes
Turn   | Place    | Note
-------+----------+-------------------------------------------
     0 | D:1      | 4thArraOfDagon the Demonspawn Wanderer began the quest for the Orb.
     0 | D:1      | 4thArraOfDagon set off with: a +2 leather armour, a +0 short sword, a ration
     0 | D:1      | Reached XP level 1. HP: 13/13 MP: 3/3
     7 | D:1      | Learned a level 1 spell: Pain
   188 | D:2      | Found a faded altar of an unknown god.
   402 | D:1      | Reached skill level 2 in Necromancy
   402 | D:1      | Gained mutation: You regenerate a little health from kills. [demonic ancestry]
   402 | D:1      | Reached XP level 2. HP: 16/19 MP: 5/5
   677 | D:3      | Reached skill level 3 in Necromancy
   746 | D:3      | Reached XP level 3. HP: 19/24 MP: 1/6
   778 | D:3      | Learned a level 3 spell: Vampiric Draining
   846 | D:3      | Reached skill level 4 in Necromancy
   914 | D:3      | Gained mutation: You are partially covered in slimy green scales. (AC +2) [demonic ancestry]
   914 | D:3      | Reached XP level 4. HP: 20/30 MP: 6/7
  1089 | D:5      | Entered Level 5 of the Dungeon
  1146 | D:5      | Noticed a centaur
  1158 | D:5      | Killed a centaur
  1158 | D:5      | Reached skill level 5 in Necromancy
  1158 | D:5      | Reached XP level 5. HP: 26/35 MP: 9/9
  1186 | D:5      | Noticed a yak
  1187 | D:5      | Noticed a yak
  1187 | D:5      | Noticed a yak
  1187 | D:5      | Noticed a yak
  1304 | D:7      | Noticed an ogre
  1319 | D:7      | Killed an ogre
  1319 | D:7      | Reached XP level 6. HP: 38/41 MP: 10/10
  1335 | D:7      | Reached skill level 6 in Necromancy
  1413 | D:7      | Noticed a sky beast
  1431 | D:7      | Killed a sky beast
  1441 | D:7      | Reached skill level 7 in Necromancy
  1441 | D:7      | Reached XP level 7. HP: 28/46 MP: 4/13
  1634 | D:7      | Learned a level 3 spell: Regeneration
  1698 | D:7      | Reached skill level 8 in Necromancy
  1792 | D:7      | Noticed a spriggan baker
  1805 | D:7      | Killed a spriggan baker
  1805 | D:7      | Gained mutation: You are immune to rotting. [demonic ancestry]
  1805 | D:7      | Reached XP level 8. HP: 32/52 MP: 15/15
  1910 | D:6      | Reached skill level 5 in Spellcasting
  1981 | D:4      | Found a staircase to the Ecumenical Temple.
  1999 | Temple   | Entered the Ecumenical Temple
  2058 | Temple   | Became a worshipper of Gozag Ym Sagoz the Greedy
  2122 | D:4      | Reached skill level 9 in Necromancy
  2169 | D:4      | Noticed Duvessa
  2186 | D:4      | Killed Duvessa
  2191 | D:4      | Noticed Dowan
  2197 | D:4      | Killed Dowan
  2631 | D:3      | Noticed Ijyb
  2670 | D:3      | Killed Ijyb
  2778 | D:2      | Reached skill level 10 in Necromancy
  2816 | D:2      | Noticed Natasha
  2821 | D:2      | Killed Natasha
  2913 | D:2      | Found an ornate altar of the Wu Jian Council.
  2913 | D:2      | Noticed Natasha
  2924 | D:2      | Killed Natasha
  2954 | D:2      | Noticed Sigmund
  2962 | D:2      | Killed Sigmund
  3361 | D:2      | Noticed Natasha
  3369 | D:2      | Killed Natasha
  3664 | D:5      | Reached XP level 9. HP: 26/57 MP: 18/18
  3901 | D:5      | Reached skill level 11 in Necromancy
  4057 | D:5      | Reached skill level 12 in Necromancy
  4482 | D:6      | Learned a level 3 spell: Conjure Flame
  4487 | D:6      | Learned a level 4 spell: Sticky Flame
  4631 | D:6      | Reached skill level 1 in Conjurations
  4766 | D:6      | Reached skill level 1 in Fire Magic
  5124 | D:7      | Found a hazy altar of Hepliaklqana.
  5124 | D:7      | Found a glowing silver altar of Zin.
  5220 | D:8      | Got a fine leather armour
  5303 | D:8      | Identified the +2 leather armour of Asofraaf {rElec Str-5 Dex+4 Slay+4} (You found it on level 8 of the Dungeon)
  5328 | D:8      | Gained mutation: You have sharp fingernails. [demonic ancestry]
  5328 | D:8      | Reached XP level 10. HP: 63/63 MP: 20/20
  5368 | D:8      | Found a flagged portal.
  5389 | Bailey   | Entered a bailey
  5432 | Bailey   | Noticed an orc knight
  5515 | Bailey   | Killed an orc knight
  5585 | Bailey   | Noticed an orc knight
  5594 | Bailey   | Killed an orc knight
  5614 | Bailey   | Found an iron altar of Okawaru.
  5622 | Bailey   | Got a translucent long sword {freeze}
  5635 | Bailey   | Identified the cursed +1 long sword of Xamm {freeze, +Rage rElec rC-} (You took it off an orc warrior in a bailey)
  5839 | D:8      | Found a hide-covered altar of Uskayaw.
  5915 | D:8      | Got a bloodstained rapier {antimagic}
  6046 | D:9      | Reached skill level 5 in Conjurations
  6403 | D:10     | Entered Level 10 of the Dungeon
  6486 | D:10     | Reached skill level 5 in Fire Magic
  6604 | D:10     | Found a staircase to the Orcish Mines.
  6669 | D:10     | Got a transparent mace
  6670 | D:10     | Identified the +2 mace of Ascent {crush, rF+ Dex+4} (You found it on level 10 of the Dungeon)
  6696 | D:10     | Found a staircase to the Lair.
  6730 | D:10     | Noticed Grum
  6763 | D:10     | Noticed Grum
  6763 | D:10     | Grum changed into Grum the boggart
  6767 | D:10     | Killed Grum the boggart
  6969 | D:11     | Noticed a cyclops
  7062 | D:11     | Reached skill level 1 in Fighting
  7075 | D:11     | Found Teazuha's Jewellery Shop.
  7202 | D:11     | Noticed a two-headed ogre
  7212 | D:11     | Killed a two-headed ogre
  7212 | D:11     | Reached XP level 11. HP: 48/74 MP: 14/23
  7307 | D:11     | Noticed a four-headed hydra
  7312 | D:11     | Thaneod: uoi won:>?
  7314 | D:11     | Killed a four-headed hydra
  7318 | D:11     | Thaneod: you won?
  7480 | D:11     | Got an encrusted ring mail
  7491 | D:11     | Identified the +1 ring mail of Bitterness {*Drain rC+++ rN+ Str+2} (You took it off an orc on level 11 of the Dungeon)
  7706 | D:12     | Reached skill level 5 in Fighting
  7706 | D:12     | Reached skill level 5 in Dodging
  7716 | D:12     | Noticed an unseen horror
  7720 | D:12     | Killed an unseen horror
  7734 | D:12     | Noticed a purple ugly thing
  8102 | D:13     | Noticed a cyan ugly thing
  8129 | D:13     | Killed a cyan ugly thing
  8250 | D:13     | Noticed a centaur warrior
  8262 | D:13     | Noticed a centaur warrior
  8263 | D:13     | Noticed a two-headed ogre
  8263 | D:13     | Killed a centaur warrior
  8264 | D:13     | Noticed Nessos
  8270 | D:13     | Killed a centaur warrior
  8334 | D:13     | :(
  8337 | D:13     | Noticed tilp's ghost (journeyman MfIE)
  8404 | D:13     | Noticed an unseen horror
  8405 | D:13     | Noticed a centaur warrior
  8422 | D:13     | Killed an unseen horror
  8461 | D:13     | Reached XP level 12. HP: 78/91 MP: 24/24
  8467 | D:13     | Killed a centaur warrior
  8488 | D:13     | Noticed Sonja
  8497 | D:13     | Killed Sonja
  8590 | D:13     | Noticed a death knight
  9002 | D:14     | Found a gate to the Vaults.
  9002 | D:14     | Noticed a vault guard
  9069 | D:14     | Killed a vault guard
  9238 | D:14     | Reached skill level 10 in Fighting
  9248 | D:15     | Entered Level 15 of the Dungeon
  9258 | D:14     | Noticed a centaur warrior
  9272 | D:14     | Killed a centaur warrior
  9283 | D:14     | Found a shattered altar of Ashenzari.
  9480 | D:14     | Got a slimy chain mail
  9595 | D:15     | Noticed a five-headed hydra
  9637 | D:14     | Noticed Josephine
  9713 | D:13     | Noticed a centaur warrior
  9714 | D:13     | Upgraded the game from 0.22-a0-354-g30dfbe6 to 0.22-a0-355-g201945f
  9725 | D:13     | Killed a centaur warrior
  9725 | D:13     | Reached skill level 10 in Dodging
  9725 | D:13     | Reached XP level 13. HP: 71/104 MP: 25/25
  9923 | D:13     | Killed Nessos
 10276 | D:10     | Found Bikhlycla's Jewellery Emporium.
 10295 | Orc:1    | Entered Level 1 of the Orcish Mines
 10303 | Orc:1    | Paralysed by an orc sorcerer for 2 turns
 10489 | Orc:1    | Noticed Fannar
 10618 | Orc:1    | Killed Fannar
 10787 | Orc:2    | Entered Level 2 of the Orcish Mines
 10885 | Orc:1    | Found Memnog's General Store.
 11141 | Orc:2    | Learned a level 5 spell: Fireball
 11312 | Orc:2    | Found a staircase to the Elven Halls.
 11444 | Orc:2    | Noticed Erolcha
 11459 | Orc:2    | Killed Erolcha
 11966 | Orc:2    | Noticed Saint Roka
 11997 | Orc:2    | Killed Saint Roka
 12225 | Orc:2    | Found a roughly hewn altar of Beogh.
 12263 | Orc:2    | Found Pasoent's Antique Armour Shoppe.
 12269 | Orc:2    | Bought a steaming helmet for 361 gold pieces
 12343 | Orc:2    | Gained mutation: You have very sharp fingernails. [demonic ancestry]
 12343 | Orc:2    | Reached XP level 14. HP: 83/113 MP: 27/27
 12346 | Orc:2    | Found Xaumaefa's Book Shoppe.
 12361 | Orc:2    | Found Katodeh's General Store.
 12369 | Orc:2    | Bought a scroll of blinking for 97 gold pieces
 12378 | Orc:2    | Found Haross's Antique Weapon Shoppe.
 12403 | Orc:2    | Bought a turquoise-encrusted scale mail for 342 gold pieces
 12423 | Orc:2    | Bought a Necronomicon for 1545 gold pieces
 12435 | Orc:2    | Learned a level 8 spell: Necromutation
 12436 | Orc:2    | Identified a scroll of acquirement
 12443 | Orc:2    | Bought a potion of heal wounds for 65 gold pieces
 12443 | Orc:2    | Bought a potion of brilliance for 52 gold pieces
 12443 | Orc:2    | Bought a potion of might for 52 gold pieces
 12443 | Orc:2    | Bought a potion of might for 52 gold pieces
 12515 | Orc:2    | Identified the +0 helmet of Amanuxze {SInv} (You bought it in a shop on level 2 of the Orcish Mines)
 12525 | Orc:2    | Identified the +7 chain mail of the Orb {rPois rN+} (You found it on level 14 of the Dungeon)
 12535 | Orc:2    | Identified the cursed +0 scale mail of Responsibility {rC+ Str+4 Stlth+} (You bought it in a shop on level 2 of the Orcish Mines)
 12632 | Lair:1   | Entered Level 1 of the Lair of Beasts
 12747 | Orc:2    | Bought the +2 Maxwell's thermic engine {flame, freeze, rF- rC-} for 999 gold pieces
 12747 | Orc:2    | Found the +2 Maxwell's thermic engine {flame, freeze, rF- rC-}
 12900 | Lair:1   | Reached skill level 1 in Long Blades
 13031 | Lair:1   | Noticed Joseph
 13061 | Lair:1   | Killed Joseph
 13109 | Lair:1   | Noticed Harold
 13154 | Lair:1   | Killed Harold
 13180 | Lair:1   | Got a jewelled ring mail
 13191 | Lair:1   | Identified the +3 ring mail of Defiance {rC+ MP+9 Str+2} (You found it on level 1 of the Lair of Beasts)
 13244 | Lair:1   | Noticed nikopol's ghost (journeyman DEFE)
 13617 | Lair:3   | Found a hole to the Spider Nest.
 14002 | Lair:4   | Reached skill level 5 in Long Blades
 14342 | Lair:6   | Entered Level 6 of the Lair of Beasts
 14353 | Lair:6   | Reached skill level 10 in Spellcasting
 15181 | Lair:6   | Found a staircase to the Slime Pits.
 15182 | Lair:6   | Found a viscous altar of Jiyva.
 15579 | Lair:2   | Found a staircase to the Shoals.
 15650 | Lair:2   | Reached XP level 15. HP: 91/118 MP: 29/29
 15967 | Elf:1    | Entered Level 1 of the Elven Halls
 15979 | Orc:2    | Killed from afar by a deep elf mage

Vault maps used:
D:1:      giann_wishing_wells
D:2:      lemuel_round_altar, chequers_ecumenical_altar_simple, uniq_natasha,
          uniq_sigmund
D:3:      uniq_ijyb
D:4:      minmay_temple_entry_trees, uniq_duvessa
D:5:      first_ration
D:7:      gammafunk_temple_overflow_wave, hangedman_abyss_or_decor_passed,
          the_bakery, patterned_corridor
D:8:      eat_drink_and_be_merry_uskayaw, enter_bailey_3
D:9:      kennysheep_nub
D:10:     lair_entry_dummy, serial_shops, kennysheep_mini_moat, serial_glass,
          glass_columns_a, glass_columns_a, kennysheep_generic_room_5, uniq_grum
D:11:     serial_shops, shop_statue
D:13:     uniq_nessos, uniq_sonja
D:14:     grunt_vaults_entry_tiered, basic_altar, serial_bayou_pond_e,
          uniq_josephine
D:15:     grunt_enter_depths_snipers, minmay_stone_trees_small, basic_altar,
          skrybe_limestone_x
Temple:   dpeg_five_rooms_temple
Lair:1:   serial_bayou_lake_a, uniq_joseph, uniq_harold
Lair:2:   elwin_shoals_entry_rocks, minmay_holes
Lair:3:   spider_nest_entry_rubble, hibernation_bobbens
Lair:4:   grunt_megastairs_4
Lair:5:   beast_lair_carwin_8
Lair:6:   minmay_lair_end_enchanted_forest, slime_altar_1, basic_altar,
          lemuel_fruit_tree, infiniplex_staircase_pool_2, serial_bayou_shore_b
Orc:1:    serial_shops, shop, uniq_fannar
Orc:2:    grunt_orc_cross, uniq_erolcha
Elf:1:    elf_arrival_002, serial_shops, nicolae_shop_behind_doors,
          hangedman_elf_disciples, hex_tiny
Bailey:   bailey_axe_3, bailey

Skill      XL: |  1  2  3  4  5  6  7  8  9 10 11 12 13 14 |
---------------+-------------------------------------------+-----
Necromancy     | 2 3 4 5 7 8 10 12 | 12.1
Spellcasting   | 3 4 6 7 8 9 10 | 10.0
Conjurations   | 2 6 9 |  9.0
Fire Magic     | 2 5 8 |  8.2
Fighting       | 2 7 10 11 | 11.0
Dodging        | 3 7 10 | 10.1
Long Blades    | 9 |  9.6
Short Blades   | |  1.0
Stealth        | |  1.0
Shields        | |  1.0
Transmutations | |  0.1
Air Magic      | |  1.7

Action                   |  1- 3 |  4- 6 |  7- 9 | 10-12 | 13-15 || total
-------------------------+-------+-------+-------+-------+-------++-------
Melee: Short sword       |    36 |     4 |       |       |       ||    40
       Flail             |       |    58 |   385 |   585 |   280 ||  1308
       Unarmed           |       |       |    28 |       |       ||    28
       Double sword      |       |       |       |       |   334 ||   334
Throw: Javelin           |       |       |     5 |       |       ||     5
 Cast: Pain              |    66 |     1 |     4 |    19 |       ||    90
       Vampiric Draining |     3 |    10 |    47 |   111 |    79 ||   250
       Regeneration      |       |       |     3 |    27 |    44 ||    74
       Conjure Flame     |       |       |       |    14 |    44 ||    58
       Sticky Flame      |       |       |       |    13 |    70 ||    83
       Fireball          |       |       |       |       |     1 ||     1
Invok: Potion Petition   |       |       |       |     2 |       ||     2
       Call Merchant     |       |       |       |       |     3 ||     3
Evoke: Wand              |       |       |     2 |    32 |     3 ||    37
  Use: Potion            |     1 |       |     2 |     3 |     2 ||     8
       Scroll            |       |     4 |    13 |    13 |     7 ||    37
 Stab: Sleeping          |       |       |     2 |     2 |       ||     4
       Distracted        |       |       |     3 |     1 |     1 ||     5
  Eat: Chunk             |     2 |     3 |     3 |       |       ||     8
       Ration            |       |       |     4 |     6 |     9 ||    19
Armor: Leather armour    |    22 |    24 |   167 |   336 |   195 ||   744
Dodge: Dodged            |    47 |    71 |   276 |   710 |   750 ||  1854
       Rpst.: Double sword |       |       |       |       |   102 ||   102

Table legend:
 A = Spawn XP
 B = Non-spawn XP
 C = Spawn XP percentage of total XP
 D = Spawn monster count
 E = Non-spawn monster count
 F = Spawn count percentage of total count
 G = Total turns spent on level
                    A         B        C        D         E        F      G
               +---------+---------+-------+---------+---------+-------+---------
         Total |       0 |  103123 |   0.0 |       0 |     642 |   0.0 | 15979
               +---------+---------+-------+---------+---------+-------+---------
           D:1 |       0 |      30 |   0.0 |       0 |      18 |   0.0 |   800
           D:2 |       0 |     361 |   0.0 |       0 |      21 |   0.0 |   411
           D:3 |       0 |     189 |   0.0 |       0 |      32 |   0.0 |   712
           D:4 |       0 |     565 |   0.0 |       0 |      16 |   0.0 |   561
           D:5 |       0 |    2123 |   0.0 |       0 |      34 |   0.0 |   995
           D:6 |       0 |     592 |   0.0 |       0 |      19 |   0.0 |   763
           D:7 |       0 |    1216 |   0.0 |       0 |      15 |   0.0 |   886
           D:8 |       0 |     988 |   0.0 |       0 |      25 |   0.0 |   493
           D:9 |       0 |     371 |   0.0 |       0 |      19 |   0.0 |   424
          D:10 |       0 |    3421 |   0.0 |       0 |      31 |   0.0 |   782
          D:11 |       0 |    4689 |   0.0 |       0 |      34 |   0.0 |   694
          D:12 |       0 |    3058 |   0.0 |       0 |      15 |   0.0 |   551
          D:13 |       0 |   11654 |   0.0 |       0 |      47 |   0.0 |   925
          D:14 |       0 |   14498 |   0.0 |       0 |      56 |   0.0 |  1212
        Lair:1 |       0 |    6382 |   0.0 |       0 |      28 |   0.0 |   636
        Lair:2 |       0 |    3997 |   0.0 |       0 |      12 |   0.0 |   329
        Lair:3 |       0 |    2080 |   0.0 |       0 |      10 |   0.0 |   492
        Lair:4 |       0 |    7552 |   0.0 |       0 |      21 |   0.0 |   459
        Lair:5 |       0 |    6301 |   0.0 |       0 |      17 |   0.0 |   383
        Lair:6 |       0 |   12318 |   0.0 |       0 |      56 |   0.0 |   782
         Orc:1 |       0 |    3047 |   0.0 |       0 |      13 |   0.0 |   479
         Orc:2 |       0 |   16222 |   0.0 |       0 |      87 |   0.0 |  1835
        Bailey |       0 |    1469 |   0.0 |       0 |      16 |   0.0 |   255
               +---------+---------+-------+---------+---------+-------+---------
